[ PARTIDA AOE2 · #480074751 ]
Team RMFrancos vs Portuguese
[ ANÁLISIS DE REPETICIÓN · EXTRAÍDO DE LA PARTIDA GRABADA ]
Feudal
—
Castillos
—
Imperial
—
| APM promedio | 14.9 |
| APM pico | 18 |
| eAPM promedio | 7.9 |
| Aldeanos / militares | 8 / 0 |
Foco
⚔️ 9.1% · 🌾 90.9%
Feudal
—
Castillos
—
Imperial
—
| APM promedio | 17.2 |
| APM pico | 35 |
| eAPM promedio | 9.3 |
| Aldeanos / militares | 7 / 0 |
Foco
⚔️ 4.5% · 🌾 95.5%
Feudal
—
Castillos
—
Imperial
—
| APM promedio | 0.9 |
| APM pico | 3 |
| eAPM promedio | 0.9 |
| Aldeanos / militares | 0 / 0 |
Feudal
—
Castillos
—
Imperial
—
| APM promedio | 2.3 |
| APM pico | 8 |
| eAPM promedio | 2.3 |
| Aldeanos / militares | 0 / 0 |
Feudal
—
Castillos
—
Imperial
—
| APM promedio | 14.9 |
| APM pico | 22 |
| eAPM promedio | 6.4 |
| Aldeanos / militares | 7 / 0 |
Foco
⚔️ 0.0% · 🌾 100.0%
Feudal
—
Castillos
—
Imperial
—
| APM promedio | 11.4 |
| APM pico | 20 |
| eAPM promedio | 10.8 |
| Aldeanos / militares | 8 / 0 |
Foco
⚔️ 0.0% · 🌾 100.0%
Feudal
—
Castillos
—
Imperial
—
| APM promedio | 3.2 |
| APM pico | 11 |
| eAPM promedio | 3.2 |
| Aldeanos / militares | 5 / 0 |
Foco
⚔️ 0.0% · 🌾 100.0%
Feudal
—
Castillos
—
Imperial
—
| APM promedio | 8.2 |
| APM pico | 14 |
| eAPM promedio | 7.3 |
| Aldeanos / militares | 12 / 0 |
Foco
⚔️ 0.0% · 🌾 100.0%
Mapa de la partida
Recursos al inicio + cada clic de construcción. Línea gruesa = muro · recuadro discontinuo = muro de casas detectado. 🟡 oro · ⚪ piedra · 🟢 bayas · 🔶 jabalí · ⭕ reliquia
Inputs por minuto
— TruG-moto - - 17
Build order — TruG-moto
12 acciones detectadas en el replay
| 0:11 | Investigar | Loom |
| 0:12 | Crear | Villager (Male) |
| 0:13 | Crear | Villager (Male) |
| 0:13 | Crear | Villager (Male) |
| 0:13 | Crear | Villager (Male) |
| 0:14 | Crear | Villager (Male) |
| 0:44 | Construir | House |
| 0:46 | Construir | House |
| 0:47 | Construir | House |
| 3:00 | Crear | Villager (Male) |
| 3:00 | Crear | Villager (Male) |
| 3:16 | Crear | Villager (Male) |
Build order — 17
10 acciones detectadas en el replay
| 0:02 | Crear | Villager (Male) |
| 0:03 | Crear | Villager (Male) |
| 0:03 | Crear | Villager (Male) |
| 0:04 | Construir | House |
| 0:06 | Construir | House |
| 0:08 | Crear | Villager (Male) |
| 1:44 | Crear | Villager (Male) |
| 1:51 | Construir | Lumber Camp |
| 2:16 | Crear | Villager (Male) |
| 2:47 | Crear | Villager (Male) |
Build order — Iso5492
0 acciones detectadas en el replay
Build order — ISR4 ENRIQUE XXIII
0 acciones detectadas en el replay
Build order — Kellerfabo
10 acciones detectadas en el replay
| 0:01 | Crear | Villager (Male) |
| 0:01 | Crear | Villager (Male) |
| 0:02 | Crear | Villager (Male) |
| 0:02 | Crear | Villager (Male) |
| 0:11 | Construir | House |
| 0:13 | Construir | House |
| 1:06 | Construir | Lumber Camp |
| 1:42 | Crear | Villager (Male) |
| 2:25 | Crear | Villager (Male) |
| 3:04 | Crear | Villager (Male) |
Build order — Daton
13 acciones detectadas en el replay
| 0:04 | Construir | House |
| 0:18 | Construir | House |
| 0:25 | Investigar | Loom |
| 0:27 | Crear | Villager (Male) |
| 0:27 | Crear | Villager (Male) |
| 0:28 | Crear | Villager (Male) |
| 0:28 | Crear | Villager (Male) |
| 0:28 | Crear | Villager (Male) |
| 0:50 | Construir | House |
| 1:14 | Construir | House |
| 2:07 | Crear | Villager (Male) |
| 2:48 | Crear | Villager (Male) |
| 3:10 | Crear | Villager (Male) |
Build order — Your Mom
6 acciones detectadas en el replay
| 0:05 | Investigar | Loom |
| 0:05 | Crear | Villager (Male) |
| 0:05 | Crear | Villager (Male) |
| 0:06 | Crear | Villager (Male) |
| 0:06 | Crear | Villager (Male) |
| 0:06 | Crear | Villager (Male) |
Build order — claudio.morales
14 acciones detectadas en el replay
| 0:06 | Crear | Villager (Male) |
| 0:06 | Crear | Villager (Male) |
| 0:07 | Crear | Villager (Male) |
| 0:09 | Construir | House |
| 0:14 | Construir | House |
| 0:16 | Crear | Villager (Male) |
| 1:41 | Crear | Villager (Male) |
| 2:14 | Crear | Villager (Male) |
| 2:14 | Crear | Villager (Male) |
| 2:15 | Crear | Villager (Male) |
| 2:21 | Crear | Villager (Male) |
| 2:22 | Crear | Villager (Male) |
| 2:45 | Crear | Villager (Male) |
| 3:08 | Crear | Villager (Male) |
Cronología de la partida
| 0:18 | Your Mom · resign |
[ ANÁLISIS IA · 1 CRÉDITO ]
¿Qué pasó realmente en esta partida?
Wolo.gg analiza cada decisión: build order, eco, micro, errores típicos por bracket. Análisis personalizado por WhatsApp o Discord en 30 segundos.
Guía civ
Francos
Guía mapa
Northern Isles
Perfil
Jugador #5848488